 Dungeon Crawl Stone Soup version 0.18-a0-801-gb01a236 (webtiles) character file.

51 Xpym the Insei (level 3, -3/29 HPs)
             Began as a Mummy Monk on Dec 14, 2015.
             Slain by a worker ant (8 damage)
             ... on level 2 of the Dungeon.
             The game lasted 00:07:10 (2200 turns).

Xpym the Insei (Mummy Monk)                         Turns: 2200, Time: 00:07:10

Health: -3/29      AC:  0    Str: 14    XL:     3   Next: 57%
Magic:  3/3        EV: 13    Int:  9    God:
Gold:   98         SH:  0    Dex: 15    Spells: 0 memorised, 2 levels left

rFire  x . .     SeeInvis .       - Unarmed
rCold  + . .     Clarity  .     (no armour)
rNeg   + + +     SustAt   .     (no shield)
rPois  ∞         Gourm    .     (no helmet)
rElec  .         Spirit   .     (no cloak)
rCorr  .         Dismiss  .     (no gloves)
rMut   .         Stasis   .     (no boots)
MR     .....                    (no amulet)
Stlth  ++........               (no ring)
                                (no ring)

@: not resistant to hostile enchantments, unstealthy
A: no food or potions, fire vulnerability, cold resistance 1, negative energy
resistance 3, torment resistance, unbreathing
a: no special abilities


You were on level 2 of the Dungeon.
You were not hungry.

You visited 1 branch of the dungeon, and saw 2 of its levels.

You collected 98 gold pieces.


Innate Abilities, Weirdness & Mutations

You do not eat or drink.
Your flesh is vulnerable to fire.
You are immune to poison.
Your flesh is cold resistant.
You are immune to negative energy.
You are immune to unholy pain and torment.
You can survive without breathing.


   Skills:
 + Level 3.4 Fighting
 - Level 2.4 Dodging
 + Level 2.1 Stealth
 * Level 3.9 Unarmed Combat


You had 2 spell levels left.
You didn't know any spells.

Inventory:

Missiles
 b - 34 bolts (quivered)
Scrolls
 a - 2 scrolls of fear {unknown}
 c - a scroll of enchant armour {unknown}
 d - a scroll of recharging {unknown}
 e - a scroll of enchant weapon {unknown}
 f - a scroll of identify {unknown}

Dungeon Overview and Level Annotations

Branches:
Dungeon (2/15)

Altars:

(........
▒.▒▒▒▒..........▒▒▒▒..
.........
▒...............▒▒....
.▒......▒
▒............†...▒▒.
........▒
▒▒▒...........▒▒▒▒▒.
▒......▒▒▒ ▒...........▒
▒. ▒▒.>.....▒
▒.▒.▒▒.▒▒▒▒▒▒▒▒▒▒.
▒.....▒.▒▒▒▒▒▒.▒..▒.▒
▒....
▒....▒▒..▒▒.....▒...▒
▒...▒▒▒
▒.........)...M.....▒ ..▒
▒ ......▒▒▒▒...▒▒▒B....▒..
....... ▒..▒▒ ▒.......▒
▒▒▒▒
.......▒▒▒▒.†▒▒▒▒.........
.....
........................▒
▒▒▒▒▒ .
.......B..............
▒.▒▒)..▒.▒...▒........ ▒
▒.▒▒▒....▒▒▒▒▒▒▒.. ...
....▒▒


You could see a worker ant.


Message History

The worker ant is moderately wounded.
The worker ant closely misses you.
You hit the worker ant.
The worker ant is heavily wounded.
The worker ant bites you.
You closely miss the worker ant.
The worker ant is heavily wounded.
The worker ant misses you. The worker ant bites you!
* * * LOW HITPOINT WARNING * * *
You are too injured to fight recklessly!
You are too injured to fight recklessly!
You hit the worker ant.
The worker ant is heavily wounded.
The worker ant closely misses you.
You closely miss the worker ant.
The worker ant is heavily wounded.
The worker ant closely misses you.
You barely miss the worker ant.
The worker ant is heavily wounded.
The worker ant bites you.
* * * LOW HITPOINT WARNING * * *
You closely miss the worker ant.
The worker ant is heavily wounded.
The worker ant bites you.
* * * LOW HITPOINT WARNING * * *
You barely miss the worker ant.
The worker ant is heavily wounded.
The worker ant barely misses you. The worker ant bites you!
You die...

Action                   || total
-------------------------++-------
Melee: Unarmed           ||   112
 Stab: Sleeping          ||     1

Vault maps used:
D:1:      minmay_arrival_cross
D:2:      cheibriados_altar_1, lemuel_doored_altar, minmay_snake_closets,
          uniq_sigmund, uniq_robin, uniq_iyjb

Notes
Turn   | Place    | Note
--------------------------------------------------------------
     0 | D:1      | Xpym the Mummy Monk began the quest for the Orb.
     0 | D:1      | Reached XP level 1. HP: 18/18 MP: 1/1
   374 | D:1      | Reached XP level 2. HP: 22/24 MP: 2/2
   894 | D:1      | Reached skill level 2 in Stealth
  1103 | D:1      | Reached XP level 3. HP: 22/29 MP: 3/3
  2200 | D:2      | Slain by a worker ant

Vanquished Creatures
  An adder (D:2)
  3 oozes (D:1)
  A giant gecko (D:1)
  A ball python (D:2)
  3 bats (D:1)
  A giant cockroach (D:1)
  3 goblins (D:1)
  5 hobgoblins
  2 kobolds (D:1)
  A quokka (D:2)
  4 giant newts
  3 rats (D:1)
28 creatures vanquished.
